 Dungeon Sprint DCSS version 0.18-a0-1789-gbeff17f (webtiles) character file.

865 wvc the Carver (level 8, -1/61 HPs)
             Began as a Formicid Fighter on Apr 21, 2016.
             Was a Believer of Cheibriados.
             Slain by a catoblepas (8 damage)
             ... in the Dungeon (Sprint IX: "|||||||||||||||||||||||||||||").
             The game lasted 00:02:26 (296 turns).

wvc the Carver (Formicid Fighter)                    Turns: 296, Time: 00:02:26

Health: -1/61      AC: 13    Str: 25    XL:     8   Next: 23%
Magic:  10/10      EV:  8    Int: 12    God:    Cheibriados [**....]
Gold:   0          SH: 11    Dex: 19    Spells: 0 memorised, 7 levels left

rFire  . . .     SeeInvis +     o - +2 scimitar (flame)
rCold  . . .     Gourm    .     r - +1 chain mail
rNeg   . . .     Faith    .     c - +0 shield
rPois  .         Spirit   .     (helmet unavailable)
rElec  .         Dismiss  .     (no cloak)
rCorr  .         Reflect  .     q - +0 pair of gloves
SustAt .         Harm     .     p - +0 pair of boots
MR     .....                    (no amulet)
Stlth  ..........               (no ring)
                                s - +3 ring of dexterity

@: very slow, not resistant to hostile enchantments, extremely unstealthy
A: permanent stasis, dig shafts and tunnels, four strong arms, antennae 3
a: Dig, Bend Time, Renounce Religion


You were in the Dungeon.
You worshipped Cheibriados.
Cheibriados was pleased with you.
You were not hungry.

You visited 1 branch

Inventory:

Hand Weapons
 o - a +2 scimitar of flaming (weapon)
Armour
 c - a +0 shield (worn)
 p - a +0 pair of boots (worn)
 q - a +0 pair of gloves (worn)
 r - a +1 chain mail (worn)
Jewellery
 s - a +3 ring of dexterity (left hand)
Wands
 n - a wand of acid (7/15)
Scrolls
 l - 3 scrolls of remove curse
 m - 2 scrolls of amnesia
Potions
 d - a potion of invisibility
 e - 5 potions of curing
 i - 4 potions of magic
Comestibles
 f - a bread ration


   Skills:
 + Level 4.5 Fighting
 - Level 14.9 Long Blades
 + Level 4.5 Armour
 + Level 1.5 Dodging
 * Level 5.9 Shields
 * Level 3.1 Invocations


You had 7 spell levels left.
You didn't know any spells.

Dungeon Overview and Level Annotations

Branches:
Dungeon (1/1)

Altars:
Cheibriados
Dithmenos
Elyvilon
Fedhas
Gozag
Kikubaaqudgha
Makhleb
Nemelex Xobeh
Okawaru
Pakellas
Qazlal
Ru
Sif Muna
Trog
Vehumet
Xom
Yredelemnul
Zin
The Shining One
Beogh
Jiyva
Lugonu


Innate Abilities, Weirdness & Mutations

You are under a permanent stasis effect.
You can dig through walls and to a lower floor.
Your four strong arms can wield two-handed weapons with a shield.
You have a pair of large antennae on your head (SInv).


Message History

You have turned to stone.
You are engulfed in calcifying dust.
The catoblepas gores you.
You are engulfed in calcifying dust.
The catoblepas breathes a plume of calcifying dust at you.
The blast of calcifying dust hits you!
You are engulfed in calcifying dust.
The orc wizard gestures wildly while chanting.
The orc wizard flickers and vanishes for a moment.
The catoblepas gores you!
You are engulfed in calcifying dust.
The catoblepas gores you! The catoblepas gores you!!
The catoblepas gores you! x2
The catoblepas gores you!!
* * * LOW HITPOINT WARNING * * *
You turn to flesh and can move again.
You hit the catoblepas but do no damage.
You hit the catoblepas. You burn the catoblepas.
The catoblepas is lightly wounded.
The hornet changes into a shapeshifter!
The catoblepas gores you!
You die... {{ { {{ { {{{{ ▓▓▓▓▓▓▓▓▓▓▓▓▓▓▓▓▓▓▓▓▓▓▓▓ '..|)..[.)†)....@YCopO.. ▓▓▓▓▓▓▓▓▓▓▓▓▓▓▓▓▓▓▓▓▓▓▓▓

You could see a catoblepas, a hill giant, a shapeshifter, an ogre and an orc wizard (invisible).

Vanquished Creatures
  A gargoyle (D)
  A wyvern (D)
  A hippogriff (D)
  An orc warrior (D)
  An ice beast (D)
  A scorpion (D)
  A howler monkey (D)
  A crimson imp (D)
  2 adders (D)
  A dart slug (D)
  An orc (D)
  A bat skeleton (D)
  2 kobolds (D)
  A bat (D)
  A rat (D)
17 creatures vanquished.

Vanquished Creatures (others)
  A spatial maelstrom (D)
1 creature vanquished.

Grand Total: 18 creatures vanquished

Notes
Turn   | Place    | Note
--------------------------------------------------------------
     0 | D        | wvc the Formicid Fighter began the quest for the Orb.
     0 | D        | Reached XP level 1. HP: 18/18 MP: 1/1
     7 | D        | Banished a spatial maelstrom
     9 | D        | Reached skill level 3 in Long Blades
    13 | D        | Reached skill level 4 in Long Blades
    13 | D        | Reached XP level 2. HP: 23/24 MP: 2/2
    37 | D        | Noticed a howler monkey
    37 | D        | Noticed a crimson imp
    37 | D        | Noticed an ice beast
    63 | D        | Killed a howler monkey
    63 | D        | Reached skill level 7 in Long Blades
    63 | D        | Reached XP level 3. HP: 29/29 MP: 3/3
    63 | D        | Reached XP level 4. HP: 35/35 MP: 4/4
    68 | D        | Killed an ice beast
    68 | D        | Reached skill level 10 in Long Blades
    68 | D        | Reached XP level 5. HP: 41/41 MP: 5/5
    88 | D        | Found a glowing silver altar of Zin.
    88 | D        | Found a glowing golden altar of the Shining One.
    88 | D        | Found an ancient bone altar of Kikubaaqudgha.
    88 | D        | Found a basalt altar of Yredelemnul.
    88 | D        | Found a shimmering altar of Xom.
    88 | D        | Found a radiant altar of Vehumet.
    89 | D        | Found an iron altar of Okawaru.
    90 | D        | Found a burning altar of Makhleb.
    91 | D        | Found a deep blue altar of Sif Muna.
    92 | D        | Found a bloodstained altar of Trog.
    93 | D        | Found a sparkling altar of Nemelex Xobeh.
    94 | D        | Found a white marble altar of Elyvilon.
    95 | D        | Found a roughly hewn altar of Beogh.
    96 | D        | Found a viscous altar of Jiyva.
    97 | D        | Found a corrupted altar of Lugonu.
    98 | D        | Found a blossoming altar of Fedhas.
    99 | D        | Found a snail-covered altar of Cheibriados.
   100 | D        | Found a shadowy altar of Dithmenos.
   101 | D        | Found a stormy altar of Qazlal.
   102 | D        | Found an opulent altar of Gozag.
   103 | D        | Found a sacrificial altar of Ru.
   104 | D        | Found an oddly glowing altar of Pakellas.
   107 | D        | Became a worshipper of Cheibriados the Contemplative
   161 | D        | Noticed an orc warrior
   161 | D        | Noticed a gargoyle
   161 | D        | Noticed a hippogriff
   168 | D        | Reached skill level 11 in Long Blades
   169 | D        | Reached * piety under Cheibriados
   169 | D        | Reached XP level 6. HP: 46/47 MP: 6/6
   178 | D        | Killed an orc warrior
   178 | D        | Reached skill level 12 in Long Blades
   181 | D        | Reached skill level 13 in Long Blades
   186 | D        | Killed a gargoyle
   186 | D        | Reached ** piety under Cheibriados
   186 | D        | Reached skill level 14 in Long Blades
   186 | D        | Reached XP level 7. HP: 36/52 MP: 7/7
   190 | D        | Killed a hippogriff
   190 | D        | Reached skill level 1 in Dodging
   190 | D        | Reached skill level 5 in Shields
   190 | D        | Reached XP level 8. HP: 43/60 MP: 7/9
   282 | D        | Noticed a wyvern
   282 | D        | Noticed a catoblepas
   282 | D        | Noticed a hill giant
   282 | D        | Noticed a hornet
   286 | D        | Killed a wyvern
   296 | D        | Noticed a shapeshifter
   296 | D        | a hornet changed into a shapeshifter
   296 | D        | Slain by a catoblepas

Vault maps used:
D:        linesprint

Skill      XL: |  1  2  3  4  5  6  7  8 |
---------------+-------------------------+-----
Long Blades    | 4 7 10 11 14 | 14.9
Fighting       | 4 |  4.5
Armour         | 4 |  4.5
Dodging        | 1 |  1.5
Shields        | 5 |  5.9
Invocations    | 2 3 |  3.1

Action                   |  1- 3 |  4- 6 |  7- 9 || total
-------------------------+-------+-------+-------++-------
Melee: Long sword        |    45 |    14 |       ||    59
       Scimitar          |       |    22 |     9 ||    31
  Use: Potion            |     2 |     2 |       ||     4
 Stab: Petrified         |       |       |     1 ||     1
Armor: Scale mail        |    41 |     5 |       ||    46
       Chain mail        |       |     7 |     2 ||     9
Dodge: Dodged            |    29 |     7 |     2 ||    38
Block: Shield            |    33 |     8 |     3 ||    44
